 Dungeon Crawl Stone Soup version 0.28.0 (webtiles) character file.

Game seed: 17931186861637102327

963 Findor the Carver (level 8, -11/59 HPs)
             Began as a Barachi Fighter on Feb 11, 2022.
             Was an Initiate of Okawaru.
             Mangled by a fire crab (13 damage)
             ... created by the adversity of Qazlal
             ... on level 6 of the Dungeon on Feb 12, 2022.
             The game lasted 00:12:23 (5613 turns).

Findor the Carver (Barachi Fighter)                 Turns: 5613, Time: 00:12:24

Health: -11/59     AC: 10    Str: 20    XL:     8   Next: 15%
Magic:  8/8        EV:  9    Int: 15    God:    Okawaru [......]
Gold:   248        SH:  4    Dex: 11    Spells: 7/7 levels left

rFire   . . .      SeeInvis .   a - +1 long sword
rCold   x x .      Faith    .   c - +0 buckler
rNeg    . . .      Spirit   .   j - +0 scale mail
rPois   .          Reflect  .   f - +1 helmet
rElec   .          Harm     .   l - scarf {+Inv}
rCorr   .          Rampage  .   i - +0 pair of gloves
Will    .....                   (no boots)
Stlth   ..........              (no amulet)
HPRegen 0.19/turn               m - ring of wizardry
MPRegen 0.11/turn               s - +6 ring of intelligence

@: lethally poisoned (-11 -> -15), slow
A: amphibious, slowness 1, strong legs 1, +LOS, [cold vulnerability 2]
a: Hop, Renounce Religion, Evoke Invisibility


You were on level 6 of the Dungeon.
You worshipped Okawaru.
Okawaru was noncommittal.
You visited 2 branches of the dungeon, and saw 7 of its levels.

You collected 248 gold pieces.


Innate Abilities, Weirdness & Mutations

You are amphibious.
You cover ground slowly.
You can hop short distances.
You have an extended range of vision and can be seen from far away.
[You are very vulnerable to cold. (rC--)]


   Skills:
 - Level 3.6 Fighting
 * Level 11.1 Long Blades
 - Level 3.6 Armour
 - Level 3.2 Shields


You had 7 spell levels left.
You didn't know any spells.
Your spell library contained the following spells:

 Spells                   Type           Power      Damage    Failure   Level
 Dazzling Flash           Conj/Hex       0%         N/A       71%         3
 Iskenderun's Mystic Bla  Conj/Tloc      0%         2d3       98%         4
 Starburst                Conj/Fire      0%         6d3       100%        6

Inventory:

Hand Weapons
 a - a +1 long sword (weapon)
 b - a +2 dagger of venom
   (You found it on level 1 of the Dungeon)
Armour
 c - a +0 buckler (worn)
 e - a +0 chain mail
   (You found it on level 4 of the Dungeon)
 f - a +1 helmet (worn)
   (You found it on level 1 of the Dungeon)
 i - a +0 pair of gloves (worn)
   (You found it on level 1 of the Dungeon)
 j - a +0 scale mail (worn)
 l - a scarf of invisibility (worn)
   (You found it on level 3 of the Dungeon)
Jewellery
 m - a ring of wizardry (left hand)
   (You found it on level 1 of the Dungeon)
 s - a +6 ring of intelligence (right hand)
   (You found it on level 5 of the Dungeon)
Scrolls
 h - a scroll of torment {!r}
 n - a scroll of amnesia
 o - a scroll of immolation {!r}
Potions
 p - 3 potions of curing {unknown}
 r - a potion of berserk rage
 t - 2 potions of brilliance {unknown}


Message History

Found 4 poisoned darts.
The water moccasin hisses angrily.
The water moccasin moves out of view.
A water moccasin and a centaur skeleton come into view.
The water moccasin barely misses you.
You barely miss the water moccasin.
The water moccasin bites you but does no damage.
You hit the water moccasin.
An iguana comes into view.
The water moccasin bites you.
Qazlal causes a mighty clap of thunder!
Qazlal incites the elements against you! 2 fire crabs come into view.
As you read the scroll labelled FOYNAPH VESOWU, it crumbles to dust.
It is a scroll of identify.
h - a scroll of torment The iguana hisses angrily.
The water moccasin barely misses you.
As you read the scroll labelled HUATYCV AMUS, it crumbles to dust.
The creatures around you are filled with an inner flame!
It was a scroll of immolation.
The water moccasin bites you.
You are poisoned.
The water moccasin poisons you!
The water moccasin completely misses you.
The fire crab bites you.
You are engulfed in flames!
The fire crab claws you but does no damage.
As you read the scroll labelled QIUSUA TOCO, it crumbles to dust.
It is a scroll of enchant weapon.
Your +0 long sword glows red for a moment.
You feel sick.
The water moccasin bites you but does no damage.
You block the fire crab's attack. The fire crab barely misses you.
As you read the scroll labelled TUAFUOFOSA, it crumbles to dust.
You feel aware of your surroundings.
It was a scroll of magic mapping.
You feel sick. The water moccasin barely misses you.
You block the water moccasin's attack. The fire crab barely misses you.
The fire crab claws you but does no damage.
Okay, then.
As you read the scroll labelled USSAKHUZOS, it crumbles to dust.
Wisps of shadow whirl around you...
The shadows disperse without effect.
It was a scroll of summoning.
You feel sick. The water moccasin bites you.
* * * LOW HITPOINT WARNING * * *
The fire crab bites you.
* * * LOW HITPOINT WARNING * * *
You are engulfed in flames!
* * * LOW HITPOINT WARNING * * *
The fire crab claws you!
* * * LOW HITPOINT WARNING * * *
You are engulfed in flames!
You die...

*,,,,,.................,,,,,#....
**,*,,,.............Z.,,,*,*#.###
****,*,...........(.,*,****#.#
****,...........,**######.#
**,#......S#,####......#
***#.....#*##....######
*#...#*##..#### *#.####..##
#tS@t).## ########


You could see 2 fire crabs and a water moccasin (inner flame).

Vanquished Creatures
  A black bear (D:4)
  2 ogres (D:4)
  A wyvern zombie (D:5)
  2 scorpions
  A water moccasin zombie (D:5)
  A howler monkey (D:5)
  2 hounds (D:5)
  A centaur skeleton (D:4)
  An orc priest (D:5)
  Natasha (D:2)
  An iguana (D:5)
  2 orc wizards
  A hound skeleton (D:4)
  4 gnolls (D:3)
  6 adders
  A white imp (D:5)
  2 worms
  2 adder skeletons (D:4)
  2 dart slugs (D:1)
  11 orcs
  5 bats
  13 endoplasms
  2 giant cockroaches
  6 goblins
  6 hobgoblins
  6 jackals
  6 kobolds
  4 quokkas
  13 ball pythons
  4 frilled lizards
  4 rats
114 creatures vanquished.

Notes
Turn   | Place    | Note
-------+----------+-------------------------------------------
     0 | D:1      | Findor the Barachi Fighter began the quest for the Orb.
     0 | D:1      | Reached XP level 1. HP: 18/18 MP: 1/1
   144 | D:1      | Reached skill level 3 in Long Blades
   154 | D:1      | Reached XP level 2. HP: 24/24 MP: 2/2
   572 | D:1      | Reached skill level 4 in Long Blades
   585 | D:1      | Reached XP level 3. HP: 29/29 MP: 3/3
   736 | D:2      | Found Ydyeman's Book Shoppe.
  1103 | D:2      | Reached skill level 5 in Long Blades
  1103 | D:2      | Reached XP level 4. HP: 28/36 MP: 4/4
  1354 | D:2      | Noticed Natasha
  1633 | D:2      | Killed Natasha
  1782 | D:3      | Found a transporter.
  1786 | D:3      | Noticed P0WERM0DE's ghost (amateur DsCK)
  1848 | D:3      | Reached skill level 6 in Long Blades
  1848 | D:3      | Reached XP level 5. HP: 29/41 MP: 5/5
  1862 | D:3      | HP: 8/41 [poisoned by a goblin]
  2148 | D:3      | Found a transporter.
  2170 | D:3      | Identified the +5 mace "Idwuigh" {flame, Dex+4}
  2465 | D:4      | Noticed an ogre
  2878 | D:4      | Killed an ogre
  2879 | D:4      | Reached skill level 7 in Long Blades
  2879 | D:4      | Reached XP level 6. HP: 23/47 MP: 6/6
  3131 | D:4      | Noticed a black bear
  3149 | D:4      | Killed a black bear
  3150 | D:4      | Reached skill level 8 in Long Blades
  3436 | D:4      | Reached skill level 9 in Long Blades
  3436 | D:4      | Reached XP level 7. HP: 21/52 MP: 7/7
  3439 | D:4      | HP: 15/78 [poisoned by a scorpion]
  3926 | D:5      | Entered Level 5 of the Dungeon
  4558 | D:5      | Reached skill level 10 in Long Blades
  4609 | D:5      | Found a staircase to the Ecumenical Temple.
  4661 | Temple   | Entered the Ecumenical Temple
  4740 | Temple   | Became a worshipper of Qazlal Stormbringer
  5084 | D:5      | Found a glowing silver altar of Zin.
  5084 | D:5      | Found a basalt altar of Yredelemnul.
  5091 | D:5      | Found an iron altar of Okawaru.
  5099 | D:5      | Found a shadowy altar of Dithmenos.
  5101 | D:5      | Found a hazy altar of Hepliaklqana.
  5104 | D:5      | Fell from the grace of Qazlal
  5104 | D:5      | Became a worshipper of Warmaster Okawaru
  5110 | D:5      | Found an ornate altar of the Wu Jian Council.
  5126 | D:5      | Reached XP level 8. HP: 49/59 MP: 8/8
  5295 | D:5      | Reached skill level 11 in Long Blades
  5609 | D:6      | Noticed a fire crab
  5609 | D:6      | Noticed a fire crab
  5613 | D:6      | HP: 10/59 [fire crab[the adversity of Qazlal] (13)]
  5613 | D:6      | HP: 2/59 [fire crab[the adversity of Qazlal] (8)]
  5613 | D:6      | Mangled by a fire crab

Levels and vault maps discovered:
D:1:      arrival_zaba_pyramid, layout_basic
D:2:      layout_basic, serial_shops, nicolae_shop_hallway_stairs,
          grunt_decor_mini_mirrors, uniq_natasha
D:3:      layout_rooms, gammafunk_ghost_stat_death
D:4:      layout_loops_ring, st_stairs_12
D:5:      layout_cave_pools, nicolae_overflow_hallway_of_the_gods,
          minmay_temple_entry_statues
D:6:      black_bear_nest_2, layout_loops_ring, nicolae_figureground_pulse
Temple:   eino_temple_lava

Action                   |  1- 3 |  4- 6 |  7- 9 || total
-------------------------+-------+-------+-------++-------
Melee: Long sword        |   111 |   156 |   129 ||   396
 Abil: Hop               |       |     1 |       ||     1
  Use: Potion            |       |     4 |       ||     4
       Scroll            |       |     3 |     5 ||     8
Armor: Scale mail        |    58 |    69 |    66 ||   193
       Skin              |       |     1 |     1 ||     2
Dodge: Dodged            |    54 |    78 |    44 ||   176
Block: Buckler           |    25 |    42 |    18 ||    85
